 Dungeon Crawl Stone Soup version 0.32-a0-329-ge6c31236d6 (webtiles) character file.

Game seed: 17082146119775849315

932 erik8world the Ruffian (level 7, -1/70 HPs)
             Began as a Troll Chaos Knight on Feb 16, 2024.
             Was a Plaything of Xom.
             Slain by a gnoll
             ... wielding a +0 flail
             ... led by a gnoll bouda
              (6 damage)
             ... on level 5 of the Dungeon.
             The game lasted 00:14:25 (4256 turns).

erik8world the Ruffian (Troll Chaos Knight)         Turns: 4256, Time: 00:14:26

Health: -1/70      AC: 13    Str: 23    XL:     7   Next: 86%
Magic:  6/6        EV: 10    Int:  8    God:    Xom [......]
Gold:   246        SH:  0    Dex:  9    Spells: 6/6 levels left

rFire   + . .        p - +7 dagger (protect)
rCold   x . .        (no shield)
rNeg    . . .        a - +2 robe
rPois   .            (helmet restricted)
rElec   .            (no cloak)
rCorr   .            (gloves unavailable)
SInv    .            (boots unavailable)
Will    .....        v - amulet of the acrobat
Stlth   +            f - ring of fire
HPRegen 1.11/turn    (no ring)
MPRegen 0.10/turn

%: acrobat, clarity
@: under a protective aura, hasted, very quick
A: large, unfitting armour, claws 3, regeneration 1, shaggy fur 1, tough skin 1,
beak, clarity, MP-powered wands
a: Renounce Religion


You were on level 5 of the Dungeon.
You worshipped Xom.
You were a very special plaything of Xom.
You visited 1 branch of the dungeon, and saw 5 of its levels.

You collected 246 gold pieces.

Inventory:

Hand Weapons
 m - a +2 short sword of flaming
 p - a +7 dagger of protection (weapon)
 q - a +4 heavy flail
 s - a +4 long sword
 u - the +11 arbalest "Papohisch" {elec, rC- Str+5}
   (Xom gifted it to you on level 4 of the Dungeon)

   Str+5:     It affects your strength (+5).
   rC-:       It makes you vulnerable to cold.
Armour
 a - a +2 robe (worn)
 r - the +8 chain mail "Vaneoph" {rCorr Str+6}
   (You took it off an orc on level 3 of the Dungeon)

   Str+6:     It affects your strength (+6).
   rCorr:     It protects you from acid and corrosion.
Magical Staves
 i - a staff of cold
Jewellery
 f - a ring of fire (left claw)
 v - an amulet of the acrobat (around neck)
Wands
 y - a wand of iceblast (21)
Scrolls
 b - a scroll of butterflies
 e - a scroll of amnesia {unknown}
 h - 4 scrolls of identify
 j - a scroll of fear
 k - a scroll of teleportation
Potions
 c - 2 potions of curing
 l - a potion of attraction
 o - a potion of enlightenment
 z - a potion of might
Miscellaneous
 t - a condenser vane


   Skills:
 + Level 4.3 Fighting
 + Level 3.5 Short Blades
 + Level 4.3 Dodging
 + Level 0.7 Stealth
 + Level 5.0 Unarmed Combat


You had 6 spell levels left.
You didn't know any spells.
Your spell library contained the following spells:

 Spells                   Type           Power      Damage    Failure   Level
 Shock                    Conj/Air       0%         1d3       41%         1
 Jinxbite                 Hex            0%         N/A       54%         2
 Static Discharge         Conj/Air       0%         3-3/arc   54%         2
 Swiftness                Air            0%         N/A       78%         3
 Airstrike                Air            0%         2d(0-16)  99%         4
 Summon Lightning Spire   Summ/Air       0%         N/A       99%         4
 Yara's Violent Unravell  Hex/Alch       0%         3d3       100%        5
 Enfeeble                 Hex            0%         N/A       100%        7


Dungeon Overview and Level Annotations

Branches:
Dungeon (5/15)             Temple (0/1) D:5

Altars:
Cheibriados
Elyvilon
Beogh

Shops:
D:5 !


Innate Abilities, Weirdness & Mutations

You are too large for most types of armour.
You have claws for hands.
Your natural rate of healing is unusually fast.
You are covered in fur. (AC +1)
You have tough skin. (AC +1)
You have a beak for a mouth.
You possess an exceptional clarity of mind.
You expend magic power (3 MP) to strengthen your wands.


Message History

You hit the gnoll bouda.
You peck the gnoll bouda, but do no damage.
The gnoll bouda is severely wounded.
You feel sick.
You are no longer poisoned.
The gnoll hits you but does no damage. The gnoll hits you with a +0 flail.
The gnoll bouda hits you with a +0 whip!
The adder bites you but does no damage. The gnoll hits you but does no damage.
The gnoll hits you with a +0 flail!
* * * LOW HITPOINT WARNING * * *
You hit the gnoll bouda.
The gnoll bouda is almost dead.
The gnoll barely misses you.
The gnoll bouda hits you with a +0 whip.
* * * LOW HITPOINT WARNING * * *
The gnoll closely misses you. The adder bites you.
* * * LOW HITPOINT WARNING * * *
The gnoll closely misses you. The gnoll hits you but does no damage.
You hit the gnoll bouda.
You kill the gnoll bouda!
The adder misses you. The gnoll barely misses you.
The gnoll hits you but does no damage.
You feel yourself speed up. The gnoll closely misses you.
The gnoll hits you with a +0 club.
* * * LOW HITPOINT WARNING * * *
The adder bites you but does no damage. The gnoll hits you with a +0 flail.
* * * LOW HITPOINT WARNING * * *
The gnoll hits you but does no damage.
You hit the gnoll. You peck the gnoll.
The gnoll is moderately wounded.
The gnoll barely misses you. The gnoll misses you.
The adder bites you but does no damage.
You barely miss the gnoll. Your peck misses the gnoll.
The gnoll is moderately wounded.
The gnoll barely misses you. The gnoll hits you with a +0 flail!
* * * LOW HITPOINT WARNING * * *
You completely miss the gnoll.
The gnoll is moderately wounded.
The adder completely misses you. The gnoll hits you with a +0 flail.
You die...

,*,,,,*,,,,,,* ******* ##
,**,*,,,,,,,,* #.....# #
,,*+**,,,,,,,* #.....#
,,,,,**,,,,,,* #.....#
,,****,,,,,,,* #.....#
,**,*,,**##########.....#########
,*,,,,,,,........................
,**,,,,,,......Sg................
**,,,,,,,......)@................
*,,,,,,,,......ggg.##............
,,,,,,,,,...>......##............
,,,,,,,,,.....###########........
,,,,,,,,,.....* #..###...
,,,,,,,,,....,* ***** #..# #.##
,,,,,,,,,...,,* *,,,* #..# #.#.
<,,,,,,,,...,,* *,,,* #..# #.#.
,,,,,,,,,,,,,,* *,,,* #..# #.#.


You could see 4 gnolls and an adder.

Vanquished Creatures
  The ghost of baller8008 the Magician, an amateur DECj (D:3)
  A scorpion (D:5)
  A jelly (D:5)
  2 orc priests (D:5)
  2 hounds
  2 gnoll boudas
  Terence (D:2)
  Jessica (D:2)
  6 iguanas
  A sleepcap (D:4)
  5 gnolls
  8 adders
  3 dart slugs
  2 ribbon worms (D:2)
  15 orcs
  8 ball pythons
  6 endoplasms
  A giant cockroach (D:3)
  4 goblins
  8 hobgoblins
  2 jackals (D:3)
  4 quokkas
  7 bats
  5 frilled lizards
  3 kobolds
  5 rats
104 creatures vanquished.

Vanquished Creatures (collateral kills)
  A gnoll (D:4)
  An orc (D:3)
2 creatures vanquished.

Vanquished Creatures (others)
  An orc (D:3)
1 creature vanquished.

Grand Total: 107 creatures vanquished

Notes
Turn   | Place    | Note
-------+----------+-------------------------------------------
     0 | D:1      | erik8world the Troll Chaos Knight began the quest for the
                  | Orb.
     0 | D:1      | Reached XP level 1. HP: 22/22 MP: 0/0
   212 | D:1      | Reached XP level 2. HP: 29/29 MP: 1/1
   444 | D:1      | XOM: silly message
   450 | D:1      | Reached XP level 3. HP: 36/36 MP: 2/2
   535 | D:1      | XOM: silly message
   815 | D:1      | Reached skill level 4 in Unarmed Combat
   815 | D:1      | Reached XP level 4. HP: 45/45 MP: 3/3
  1104 | D:2      | Found a white marble altar of Elyvilon.
  1104 | D:2      | Noticed Jessica
  1119 | D:2      | Killed Jessica
  1208 | D:2      | Reached XP level 5. HP: 53/53 MP: 4/4
  1349 | D:2      | Noticed Terence
  1362 | D:2      | Killed Terence
  1462 | D:2      | XOM is BORED!
  2124 | D:3      | Reached XP level 6. HP: 62/62 MP: 5/5
  2141 | D:3      | Identified the +8 chain mail "Vaneoph" {rCorr Str+6}
  2142 | D:3      | Found a runed translucent gate.
  2142 | D:3      | Found a runed translucent gate.
  2142 | D:3      | Noticed baller8008's ghost (amateur DECj)
  2144 | D:3      | Found a runed translucent gate.
  2152 | D:3      | Found a roughly hewn altar of Beogh.
  2152 | D:3      | XOM: 3-stop teleportation journey
  2472 | D:3      | XOM: cloud trail
  2479 | D:3      | XOM: give mutations
  2479 | D:3      | Gained mutation: You have a beak for a mouth. [Xom's grace]
  2479 | D:3      | Gained mutation: You possess an exceptional clarity of
                  | mind. [Xom's grace]
  2479 | D:3      | Gained mutation: You expend magic power (3 MP) to
                  | strengthen your wands. [Xom's grace]
  2625 | D:3      | XOM: summons friendly quasit
  2654 | D:3      | XOM: confuse monster(s)
  2655 | D:3      | Reached skill level 1 in Short Blades
  2658 | D:3      | Killed baller8008's ghost
  2659 | D:3      | Reached skill level 5 in Unarmed Combat
  2699 | D:3      | XOM: god gift: condenser vane
  2899 | D:4      | Identified the +11 arbalest "Papohisch" {elec, rC- Str+5}
                  | (Xom gifted it to you on level 4 of the Dungeon)
  2899 | D:4      | XOM: god gift: +11 arbalest "Papohisch" {elec, rC- Str+5}
  3044 | D:4      | XOM: 6-stop teleportation journey
  3077 | D:4      | Reached XP level 7. HP: 66/70 MP: 6/6
  3114 | D:4      | Identified the +0 dagger of the Vaults {flame, Fly}
  3449 | D:4      | XOM: enchant monster (good)
  3675 | D:5      | Entered Level 5 of the Dungeon
  3846 | D:5      | Found a staircase to the Ecumenical Temple.
  3926 | D:5      | Found Pesax's Distillery.
  3926 | D:5      | XOM: divination: magic mapping
  3927 | D:5      | XOM: repel stairs
  4154 | D:5      | Found a snail-covered altar of Cheibriados.
  4256 | D:5      | Slain by a gnoll

Illustrated notes

Levels and vault maps discovered:
D:1:      nagdon_arrival_zigzag_paths, layout_basic, nicolae_grassy_gnolls
D:2:      layout_loops_cross, basic_altar, dreamdust_princess_corridor,
          kennysheep_generic_room_12, uniq_jessica, uniq_terence
D:3:      layout_loops_corners, biasface_ghost_orc_armoury
D:4:      layout_basic, serial_rivers, chequers_serial_rivers_large_a,
          chequers_serial_rivers_micro_e, chequers_serial_rivers_room_b,
          chequers_serial_rivers_small_3, chequers_serial_rivers_micro_c,
          minmay_misc_feat_ornament
D:5:      layout_basic, lemuel_tele_altar, minmay_temple_entry_proselytizer,
          serial_shops, nicolae_shop_tiny_waterfront, minivault_1,
          minmay_fractal_squares_gapless_5, uniq_crazy_yiuf_cottage

Skill      XL: |  1  2  3  4  5  6  7 |
---------------+----------------------+-----
Dodging        | 2 3 4 |  4.3
Fighting       | 3 4 |  4.3
Unarmed Combat | 4 5 |  5.0
Short Blades   | 2 3 |  3.5
Stealth        | |  0.7

Action                     |  1- 3 |  4- 6 |  7- 9 || total
---------------------------+-------+-------+-------++-------
  Melee: Unarmed           |    87 |    51 |       ||   138
         Punch             |     2 |     1 |       ||     3
         Dagger            |       |   177 |   116 ||   293
         Peck              |       |    12 |    24 ||    36
    Use: Scroll            |       |       |     7 ||     7
         Potion            |       |       |     6 ||     6
   Stab: Confused          |       |     2 |       ||     2
 Armour: Robe              |    59 |   153 |   164 ||   376
  Dodge: Dodged            |    45 |   114 |   144 ||   303

Table legend: (Time is in decaauts)
 A = Elapsed time spent in this place.
 B = Non-inter-level travel time spent in this place.
 C = Inter-level travel time spent in this place.
 D = Time resting spent in this place.
 E = Time spent auto-exploring this place.
 F = Levels seen in this place.
 G = Mean time per level.
                   A        B        C        D        E       F      G
               +--------+--------+--------+--------+--------+-----+--------+
         Total |   4201 |   4196 |      5 |      0 |   2746 |   5 |  840.2 |
       Dungeon |   4201 |   4196 |      5 |      0 |   2746 |   5 |  840.2 |
               +--------+--------+--------+--------+--------+-----+--------+

Top non-repeatable levels by time:
     D:3: 1097 daAuts
     D:4: 917 daAuts
     D:1: 893 daAuts
     D:2: 802 daAuts
     D:5: 490 daAuts
